Map: Moonlight Madness LE (Void)

Players

owim

  • Race: Zerg Zerg
  • League: Gold

CunningStunt - Winner!

  • Race: Protoss Protoss
  • League: Gold

VOD

Have the link to the VOD?

Description

Time

  • Played on: Sept. 6, 2015, 2:13 a.m.
  • Length: 12:51
Show
View Real Time Build Order
Export as new Build Order

owim Zerg 

Build Orders: Hatch First 

Get SALT Encoding   

  12  0:00  Drone  
  13  0:08  Drone  
  14  0:16  Overlord  
  14  0:34  Drone  
  14  0:35  Drone x2  
  17  0:55  Hatchery  
  16  1:07  Drone, Spawning Pool  
  16  1:11  Drone  
  17  1:20  Drone x2  
  19  1:43  Hatchery  
  19  1:45  Drone  
  19  1:53  Queen  
  21  2:02  Zergling x2  
  21  2:04  Overlord  
  22  2:10  Queen  
  22  2:14  Extractor  
  23  2:17  Drone x2  
  25  2:29  Roach Warren  
  24  2:36  Queen  
  26  2:42  Drone x2  
  28  2:48  Overlord  
  28  3:08  Roach x3  
  28  3:10  Zergling x4  
  28  3:11  Drone  
  37  3:14  Extractor  
  35  3:22  Drone x3  
  35  3:26  Drone  
  39  3:27  Drone  
  40  3:37  Drone x3  
  40  3:40  Ravager  
  44  3:44  Drone x3  
  47  3:54  Drone x3  
  50  4:02  Overlord x2  
  50  4:21  Roach x6  
  50  4:22  Roach  
  64  4:25  Overlord  
  64  4:29  Drone x2  
  66  4:53  Roach x2  
  66  4:54  Roach x2  
  66  4:56  Lair  
  66  4:58  Overlord x3  
  73  5:22  Ravager  
  73  5:23  Ravager  
  73  5:26  Drone, Zergling x8  
  73  5:27  Zergling x14  
  73  5:28  Zergling x8  
  91  5:39  Metabolic Boost  
  91  5:41  Zergling x6  
  92  6:03  Zergling x10  
  92  6:04  Zergling x2  
  98  6:07  Overlord x2  
  97  6:39  Zergling x4  
  93  6:40  Zergling x14  
  93  6:41  Zergling x8  
  69  7:06  Zergling x6  
  69  7:07  Zergling x14  
  75  7:14  Drone x3  
  76  7:30  Zergling x12  
  76  7:32  Zergling x6  
  80  7:51  Zergling x12  
  75  7:53  Queen  
  62  8:16  Roach x6  
  62  8:17  Roach x3  
  76  8:29  Roach x4  
  76  8:30  Roach x3  
  82  8:37  Drone, Hydralisk Den  
  82  8:38  Drone x3  
  82  8:40  Extractor  
  83  8:41  Extractor  
  83  8:45  Drone  
  83  8:46  Drone  
  84  8:50  Ravager x3  
  84  8:51  Ravager x4  
  84  8:55  Evolution Chamber, Zergling x6  
  91  8:57  Evolution Chamber  
  92  9:12  Zergling x2  
  92  9:13  Zergling x14  
  92  9:14  Zergling x4  
  102  9:20  Drone x3  
  105  9:27  Overseer x2  
  105  9:28  Overlord  
  105  9:30  Overlord x2  
  105  9:32  Overlord x5  
  105  9:33  Overlord  
  105  9:35  Extractor  
  105  9:37  Extractor  
  103  9:45  Zerg Missile Weapons Level 1, Zerg Ground Armor Level 1  
  103  9:56  Roach  
  103  9:57  Roach x6  
  117  10:14  Roach x6  
  80  10:32  Zergling x12  
  55  10:44  Zergling x10  
  55  10:45  Zergling x2  
  59  10:50  Drone  
  59  10:51  Drone x2  
  62  10:59  Drone  
  62  11:01  Drone  
  64  11:06  Hatchery  
  64  11:10  Baneling Nest  
  62  11:17  Zergling x2  
  63  11:19  Zergling x2  
  63  11:20  Drone x4  
  63  11:21  Drone  
  69  11:30  Queen  
  71  11:50  Zergling x2  
  71  11:52  Zergling x6  
  71  11:53  Zergling x8  
  79  11:58  Baneling  
  79  11:59  Baneling x7  
  79  12:00  Baneling x3  
  79  12:02  Baneling  
  79  12:03  Baneling  
  79  12:04  Baneling  
  79  12:05  Baneling x2  
  79  12:07  Baneling  
  79  12:08  Baneling  
  79  12:11  Drone  
  79  12:12  Drone  
  83  12:27  Zergling x2  
Show
View Real Time Build Order
Export as new Build Order

CunningStunt Protoss - Winner!

Build Orders: 1 Gate Expand, Zealot Archon 

Get SALT Encoding   

  12  0:00  Probe (Chrono Boost)  
  13  0:10  Probe (Chrono Boost)  
  14  0:19  Pylon  
  14  0:22  Probe (Chrono Boost)  
  15  0:37  Probe (Chrono Boost)  
  15  0:41  Gateway  
  16  0:47  Probe (Chrono Boost)  
  17  0:57  Probe (Chrono Boost)  
  18  1:07  Probe (Chrono Boost)  
  19  1:17  Probe (Chrono Boost)  
  20  1:26  Nexus  
  20  1:28  Probe (Chrono Boost)  
  21  1:39  Cybernetics Core  
  21  1:48  Pylon  
  21  1:49  Probe (Chrono Boost)  
  21  1:51  Assimilator  
  21  1:53  Assimilator  
  22  1:59  Probe (Chrono Boost)  
  23  2:06  Zealot  
  25  2:09  Probe (Chrono Boost)  
  26  2:23  Probe (Chrono Boost)  
  27  2:32  Pylon  
  27  2:33  Stalker, Probe (Chrono Boost)  
  27  2:36  Warp Gate  
  30  2:42  Probe (Chrono Boost)  
  30  2:43  Probe (Chrono Boost)  
  32  2:52  Probe (Chrono Boost)  
  32  2:53  Probe (Chrono Boost)  
  34  3:02  Probe (Chrono Boost)  
  34  3:03  Mothership Core (Chrono Boost)  
  37  3:12  Probe (Chrono Boost)  
  37  3:19  Twilight Council  
  38  3:22  Probe x2 (Chrono Boost)  
  38  3:25  Gateway  
  40  3:27  Gateway  
  40  3:38  Assimilator  
  40  3:40  Probe (Chrono Boost)  
  40  3:41  Probe (Chrono Boost)  
  42  3:43  Pylon  
  42  3:50  Probe (Chrono Boost)  
  42  3:51  Probe (Chrono Boost)  
  42  3:54  Pylon  
  44  4:01  Probe (Chrono Boost)  
  45  4:05  Probe (Chrono Boost), Robotics Facility  
  45  4:07  Gateway  
  46  4:11  Probe (Chrono Boost)  
  46  4:15  Probe (Chrono Boost)  
  48  4:18  Assimilator  
  48  4:21  Probe (Chrono Boost)  
  49  4:25  Probe (Chrono Boost)  
  49  4:31  Probe (Chrono Boost)  
  50  4:32  Pylon  
  50  4:36  Probe (Chrono Boost)  
  52  4:40  Shield Upgrade  
  52  4:41  Probe (Chrono Boost)  
  52  4:42  Templar Archives  
  52  4:44  Adept x3  
  59  4:51  Observer (Chrono Boost)  
  60  4:53  Probe (Chrono Boost)  
  60  4:54  Probe  
  62  5:06  Adept x2  
  62  5:07  Probe, Adept  
  69  5:10  Adept  
  69  5:13  Nexus  
  71  5:18  Pylon  
  71  5:23  Probe  
  71  5:24  Probe  
  71  5:26  Charge  
  71  5:28  Pylon  
  73  5:32  Psionic Storm  
  73  5:33  Probe  
  74  5:36  Probe  
  75  5:56  Immortal (Chrono Boost)  
  77  6:04  Stalker x3  
  77  6:06  Zealot  
  85  6:11  Probe x2  
  87  6:28  Gateway  
  87  6:33  Gateway  
  87  6:35  Gateway  
  87  6:38  Gateway  
  83  6:40  Stalker x4, Pylon  
  77  6:57  Immortal (Chrono Boost)  
  77  7:00  Probe  
  71  7:02  Probe x2  
  71  7:05  Stalker  
  71  7:06  Stalker x3  
  72  7:15  Probe x2  
  74  7:20  Mothership Core  
  74  7:29  Immortal (Chrono Boost)  
  76  7:36  High Templar  
  76  7:37  High Templar  
  84  7:38  Zealot x4  
  84  7:41  Archon  
  90  7:45  Zealot  
  90  7:46  Zealot  
  79  7:54  Probe  
  79  7:56  Probe x2  
  74  8:00  Zealot x4  
  81  8:08  Probe  
  81  8:11  Zealot x4  
  88  8:13  Probe  
  88  8:15  Probe  
  90  8:20  Probe  
  90  8:26  Probe  
  86  8:27  Probe  
  86  8:31  Assimilator  
  86  8:32  Probe  
  86  8:34  Assimilator  
  86  8:36  Probe, High Templar x3  
  86  8:37  Zealot x2  
  86  8:38  Zealot x3  
  86  8:39  Probe  
  102  8:44  Probe  
  102  8:46  Probe  
  102  8:48  Immortal (Chrono Boost)  
  104  8:51  Probe  
  104  8:55  Pylon  
  109  8:57  Pylon  
  109  9:11  Probe  
  109  9:13  Probe x2  
  112  9:22  High Templar x3  
  112  9:23  Zealot x3  
  124  9:28  Nexus  
  124  9:32  Pylon  
  124  9:33  Probe  
  124  9:35  Pylon  
  124  9:37  Pylon  
  125  9:45  Blink  
  125  9:48  Probe  
  125  9:50  Probe  
  127  9:58  Probe  
  128  10:00  Probe  
  128  10:02  Probe  
  130  10:09  Forge  
  130  10:14  Forge  
  111  10:29  Archon x2  
  111  10:31  Immortal (Chrono Boost)  
  111  10:37  Stargate  
  111  10:38  High Templar x2  
  111  10:39  High Templar x2  
  111  10:40  Zealot x4, Stargate  
  115  10:49  Protoss Ground Weapons Level 1 (Chrono Boost), Protoss Ground Armor Level 1 (Chrono Boost)  
  115  11:03  Assimilator  
  115  11:04  Zealot x4  
  117  11:06  Immortal  
  117  11:08  Assimilator  
  127  11:18  Probe  
  127  11:19  Probe x3, Pylon  
  127  11:23  Pylon, Zealot x3  
  127  11:24  Zealot x4  
  127  11:25  Zealot  
  147  11:31  Probe x2  
  149  11:35  Pylon  
  149  11:40  Fleet Beacon  
  149  11:44  Pylon  
  149  11:46  Pylon  
  149  11:50  Immortal, Pylon  
  149  11:52  High Templar x3  
  149  11:53  High Templar  
  161  11:54  Zealot x4  
  161  11:55  Archon  
  161  11:56  Archon  
  169  12:07  Probe  
  169  12:09  Probe x3  
  173  12:20  Gateway  
  173  12:21  Gateway  
  173  12:23  Gateway  
  173  12:25  Gateway x2  
  173  12:29  Observer  
Tags
 
Add a new tag
Caveats
  • Supply blocks, unpowered buildings, or Contaminate may cause inaccurate times.
  • Supply counts are checked every 10 seconds.